 Dungeon Crawl Stone Soup version 0.14-a0-1613-gd720e3e (webtiles) character file.

353 PolkaDot the Vexing (level 5, -10/35 HPs)
             Began as a Vampire Enchanter on Dec 24, 2013.
             Killed by divine providence
             ... invoked by an orc priest
              (15 damage)
             ... on Level 4 of the Dungeon.
             The game lasted 00:13:24 (2967 turns).

PolkaDot the Vexing (Vampire Enchanter)             Turns: 2967, Time: 00:13:24

HP -10/35        AC  3     Str  7      XL: 5   Next: 83%
MP   2/9         EV 12     Int 17      God:
Gold 109         SH  0     Dex 15      Spells:  2 memorised,  4 levels left

rFire  . . .     SeeInvis +     a - +1 dagger
rCold  . . .     Clarity  .     b - +1 robe
rNeg   . . .     Conserve .     (no shield)
rPois  .         rCorr    .     (no helmet)
rElec  .         rRot     .     (no cloak)
SustAb . .       Spirit   .     (no gloves)
rMut   .         Warding  .     (no boots)
Saprov . . .     Stasis   .     (no amulet)
                                (no ring)
                                (no ring)

@: regenerating quickly, slightly resistant to hostile enchantments, quite
stealthy
A: fangs 3, see invisible, unbreathing
a: no special abilities


You were on level 4 of the Dungeon.
You were full.

You visited 1 branch of the dungeon, and saw 4 of its levels.

You collected 109 gold pieces.

Inventory:

Hand weapons
 a - a +1,+1 dagger (weapon)
Missiles
 d - 11 darts (quivered)
Armour
 b - a +1 robe (worn)
Scrolls
 f - a scroll of fog {unknown}
 g - a scroll of remove curse {unknown}
 h - a scroll of immolation {unknown}
 j - 2 scrolls of identify
 k - 2 scrolls of teleportation
 l - 2 scrolls of enchant weapon I {unknown}
 m - a scroll of enchant armour {unknown}
Books
 c - a book of Maledictions

   Spells                             Type                      Level
   *Corona                            Hexes                        1
   Sure Blade                         Hexes/Charms                 2
   Ensorcelled Hibernation            Hexes/Ice                    2
   *Confuse                           Hexes                        3
   Enslavement                        Hexes                        4
   Invisibility                       Hexes                        6


   Skills:
 + Level 2.9 Short Blades
 - Level 0.7 Throwing
 - Level 2.1 Dodging
 + Level 5.3 Stealth
 - Level 2.0 Spellcasting
 * Level 7.7 Hexes


You had 4 spell levels left.
You knew the following spells:

 Your Spells              Type           Power        Failure   Level  Hunger
a - Corona                Hex            ####...      1%          1    #......
c - Confuse               Hex            ####....     2%          3    ####...


Dungeon Overview and Level Annotations

Branches:
Dungeon (4/16)
 Temple: D:4-7

Altars:
Elyvilon
Nemelex Xobeh


Innate Abilities, Weirdness & Mutations

Your natural rate of healing is unusually fast.
You have razor-sharp teeth.*
You have supernaturally acute eyesight.
You can survive without breathing.*


Message History

The orc priest wields an orcish falchion.
The orc priest mumbles some strange prayers to Beogh.
You feel a wave of unholy energy pass over you.
The orc priest calls down the wrath of Beogh upon you.
You struggle to resist.
The orc barely misses you.
There is an escape hatch in the floor here.
You slide downwards.
The hatch slams shut behind you.
An adder and an orc priest come into view.
The orc priest shouts!
Found an elven falchion.
The orc closely misses you.
Found a stone staircase leading down.
Found a scroll labeled SAUTUA SYUDWO.
Found a stone staircase leading down.
A worm comes into view.
The orc hits you with an orcish club.
* * * LOW HITPOINT WARNING * * *
The orc priest calls down the wrath of Beogh upon you.
Something smites you!
You die... o

#. # # #.
######.##.... #.#.
#...@>....#
#.##.#.####oS.......#
........o.............
.##...).##?.........$
#.....##......>w...
#.....##..........
#.....##.........
################


You could see a worm (sleeping), an orc priest, an adder and an orc.

Vanquished Creatures
  Sigmund (D:3)
  2 orc priests (D:3)
  Jessica (D:3)
  3 adders (D:2)
  A worm (D:2)
  2 giant geckos (D:1)
  An ooze (D:2)
  8 orcs (D:3)
  4 ball pythons
  4 bats
  6 goblins
  10 hobgoblins
  2 jackals (D:1)
  2 giant cockroaches
  3 giant newts (D:1)
  A kobold (D:2)
  3 rats
54 creatures vanquished.

Notes
Turn   | Place    | Note
--------------------------------------------------------------
     0 | D:1      | PolkaDot, the Vampire Enchanter, began the quest for the Orb.
     0 | D:1      | Reached XP level 1. HP: 13/13 MP: 3/3
   207 | D:1      | Reached skill level 5 in Hexes
   215 | D:1      | Reached XP level 2. HP: 16/19 MP: 2/4
   219 | D:1      | Found a sparkling altar of Nemelex Xobeh.
  1275 | D:2      | Reached XP level 3. HP: 24/24 MP: 6/6
  1423 | D:2      | Learned a level 3 spell: Confuse
  1576 | D:2      | Reached skill level 6 in Hexes
  2077 | D:2      | Reached XP level 4. HP: 11/30 MP: 2/7
  2178 | D:3      | Found a white marble altar of Elyvilon.
  2374 | D:3      | Noticed Sigmund
  2394 | D:3      | Noticed Jessica
  2445 | D:3      | Killed Jessica
  2511 | D:3      | Killed Sigmund
  2511 | D:3      | Reached skill level 7 in Hexes
  2511 | D:3      | Reached XP level 5. HP: 23/35 MP: 1/9
  2576 | D:3      | Reached skill level 5 in Stealth
  2967 | D:4      | Killed from afar by an orc priest

Action                   |  1- 3 |  4- 6 || total
-------------------------+-------+-------++-------
Melee: Dagger            |   196 |    65 ||   261
Throw: Dart              |     3 |       ||     3
 Cast: Corona            |    27 |     2 ||    29
       Confuse           |     4 |    15 ||    19
  Use: Potion            |     4 |     4 ||     8
       Scroll            |       |     4 ||     4
 Stab: Sleeping          |     6 |     1 ||     7
       Confused          |     2 |     9 ||    11
